AoeStats
← EliJaHood

Nomad

503136452Analyzed
3v3 RM · 11d ago on Aug 30, 2026· 45m 56s· 6 players
Game mode
Random Map
Map size
210×210
Population
200
Speed
Normal
Resources
Standard
Victory
Conquest
Starting age
Dark Age
Ending age
Imperial Age
RankedLock teamsTeams togetherTeam positionsShared explorationLock speedFull tech treeHidden civsTurbo modeCheats
Victory
Defeat
🇩🇪 Vietnamese · Germany
1156
+12
🇨🇳 Spanish · China
1138
+12
945
+21
🇫🇷 Huns · France
1097
-17
🇦🇹 Saracens · Austria
1071
-16
🇫🇷 Koreans · France
1014
-13
val_dutch
4:51 Loom
15:41 Feudal Age
16:07 Double-Bit Axe
17:27 Fishing Lines
24:22 Castle Age
22:40 Scale Mail Armor
22:51 Forging
23:46 Fletching
27:01 Bow Saw
27:46 Horse Collar
28:22 Medium Warships
29:43 Wheelbarrow
28:31 Crossbowman
29:29 Gold Mining
32:41 Elite Skirmisher
33:40 Thumb Ring
35:03 Ballistics
36:56 Bodkin Arrow
38:31 Heavy Plow
EliJaHood
11:02 Loom
14:41 Feudal Age
23:30 Castle Age
35:55 Scale Barding Armor
40:45 Forging
41:51 Husbandry
42:02 Bloodlines
43:36 Elite Skirmisher
44:20 Fletching
44:54 Chain Barding Armor
45:05 Fletching
46:51 Iron Casting
ska_18
3:02 Loom
14:19 Feudal Age
19:39 Castle Age
17:53 Fletching
18:40 Stone Mining
21:22 Fishing Lines
32:30 Imperial Age
33:43 Town Watch
36:27 Scale Barding Armor
39:15 Forging
39:59 Double-Bit Axe
39:55 Horse Collar
40:29 Gold Mining
41:59 Wheelbarrow
41:37 Bow Saw
43:58 Heavy Plow
44:21 Bodkin Arrow
45:11 Town Patrol
45:29 Hand Cart
1097962590
5:39 Loom
13:35 Feudal Age
14:17 Double-Bit Axe
15:05 Town Watch
16:59 Bloodlines
17:29 Wheelbarrow
18:14 Scale Barding Armor
21:44 Horse Collar
26:02 Castle Age
25:44 Fletching
27:48 Bow Saw
28:23 Husbandry
31:29 Imperial Age
30:02 Chain Barding Armor
34:20 Forging
34:48 Plate Barding Armor
34:37 Heavy Plow
38:29 Hand Cart
38:38 Forging
39:15 Conscription
41:54 Plate Barding Armor
44:23 Bodkin Arrow
꧁༺乡 SC∆R 乡 ༻꧂
7:34 Loom
15:16 Feudal Age
19:39 Stone Mining
22:52 Castle Age
22:12 Gold Mining
22:15 Fletching
23:20 Padded Archer Armor
23:03 Crossbowman
24:40 Bodkin Arrow
41:40 Town Watch
45:21 Gold Shaft Mining
48:08 Imperial Age
Captain Trouble
4:26 Loom
15:04 Feudal Age
18:35 Double-Bit Axe
18:31 Horse Collar
26:02 Castle Age
27:56 Fletching
30:10 Wheelbarrow
30:13 Bodkin Arrow
30:18 Padded Archer Armor
31:46 Squires
39:04 Imperial Age
37:12 Bow Saw
38:48 Scale Barding Armor
38:53 Forging
40:04 Ballistics
40:46 Bloodlines
41:11 Gold Mining
41:12 Stone Mining
43:58 Chemistry
44:12 Hoardings
44:54 Bracer
44:27 Elite Rattan Archer
Connection lost

Rejoining the realm…

Still unreachable

The connection could not be restored.

Session expired

The server has moved on; the page needs a fresh start.